 Dungeon Crawl Stone Soup version 0.28-a0-1235-g7c8fac35f0 (webtiles) character file.

Game seed: 7658961524661831979

75638 HessuHobo the Swashbuckler (level 15, -4/92 HPs)
             Began as a Kobold Enchanter on Dec 25, 2021.
             Was a High Priest of Dithmenos.
             Killed from afar by a spriggan druid (28 damage)
             ... with a stone arrow
             ... on level 2 of the Lair of Beasts.
             The game lasted 02:06:58 (40742 turns).

HessuHobo the Swashbuckler (Kobold Enchanter)      Turns: 40742, Time: 02:06:58

Health: -4/92      AC: 19    Str:  5    XL:     15   Next: 99%
Magic:  12/22      EV: 15    Int: 24    God:    Dithmenos [*****.]
Gold:   2622       SH:  5    Dex: 17    Spells: 19/24 levels left

rFire   + + +      SeeInvis +   I - +2 short sword "Nahif" {flame, rF+ rCorr Str+4 Dex+4}
rCold   + . .      Faith    .   (shield restricted)
rNeg    . . .      Spirit   .   u - +0 swamp dragon scales
rPois   +          Reflect  +   p - +2 helmet {SInv}
rElec   .          Harm     .   M - scarf {+Inv}
rCorr   +          Rampage  .   h - +2 pair of gloves
Will    +....                   L - +1 pair of boots {Stlth+} Stlth *+++++++++
                                C - amulet of reflection
HPRegen 0.25/turn               Z - ring of flight
MPRegen 0.18/turn               n - ring of the Tarantula {rF++ rC+ Str-4 Int+2 Dex-5}

@: flying, wreathed by umbra
A: small, no large weapons, nightstalker 3
a: Renounce Religion, Evoke Invisibility, Shadow Step, Shadow Form


You were on level 2 of the Lair of Beasts.
You worshipped Dithmenos.
Dithmenos was extremely pleased with you.
You visited 4 branches of the dungeon, and saw 21 of its levels.
You also visited: Ice Cave and Volcano.

You collected 2939 gold pieces.
You spent 317 gold pieces at shops.

Inventory:

Hand Weapons
 A - a +5 vampiric dagger
 I - the +2 short sword "Nahif" (weapon) {flame, rF+ rCorr Str+4 Dex+4}
   (You found it on level 6 of the Dungeon)

   It burns those it strikes, dealing additional fire damage.
   Str:       It affects your strength (+4).
   Dex:       It affects your dexterity (+4).
   rF:        It protects you from fire.
   rCorr:     It protects you from acid and corrosion.
Missiles
 o - 580 stones (quivered)
Armour
 h - a +2 pair of gloves (worn)
 p - a +2 helmet of see invisible (worn)
 t - the +1 robe "Vaclia" {-Tele rF+ Str+3 Archmagi}
   (You found it on level 3 of the Lair of Beasts)

   Str:       It affects your strength (+3).
   rF:        It protects you from fire.
   -Tele:     It prevents most forms of teleportation.
   Archmagi:  It increases the power of your magical spells.
 u - +0 swamp dragon scales (worn)
 L - a +1 pair of boots of stealth (worn)
 M - a scarf of invisibility (worn)
 N - a +0 kite shield
 V - +0 acid dragon scales
 Y - +0 fire dragon scales
Jewellery
 a - a ring of poison resistance
 n - the ring of the Tarantula (right hand) {rF++ rC+ Str-4 Int+2 Dex-5}
   (You acquired it on level 6 of the Lair of Beasts)

   [ring of protection from cold]

   Str:       It affects your strength (-4).
   Int:       It affects your intelligence (+2).
   Dex:       It affects your dexterity (-5).
   rF:        It greatly protects you from fire.
   rC:        It protects you from cold.
 z - a ring of positive energy
 C - an amulet of reflection (around neck)
 G - a ring of protection from fire
 H - a ring of willpower
 X - an amulet of regeneration
 Z - a ring of flight (left hand)
Wands
 r - a wand of digging (9)
 x - a wand of acid (4)
 D - a wand of polymorph (22)
 E - a wand of flame (55)
 O - a wand of iceblast (9)
 P - a wand of mindburst (17)
 R - a wand of charming (5)
Scrolls
 e - 5 scrolls of teleportation
 i - 3 scrolls of fog
 j - 2 scrolls of blinking
 s - 3 scrolls of immolation
 v - 5 scrolls of amnesia
 w - a scroll of magic mapping {unknown}
 F - 4 scrolls of fear
 J - a scroll of silence
 Q - a scroll of summoning {unknown}
Potions
 b - a potion of attraction
 c - 3 potions of magic
 f - 9 potions of curing
 g - a potion of invisibility
 k - 2 potions of ambrosia {unknown}
 l - 2 potions of haste
 m - 3 potions of flight
 B - a potion of mutation {unknown}
 K - 2 potions of brilliance
 S - a potion of berserk rage {unknown}
 U - 3 potions of might
 W - a potion of cancellation
Miscellaneous
 q - a lightning rod (4/4)
 y - a box of beasts


   Skills:
 - Level 10.0 Fighting
 - Level 16.0 Short Blades
 - Level 10.0 Armour
 - Level 10.0 Dodging
 + Level 12.7 Stealth
 - Level 4.0 Shields
 + Level 5.1 Spellcasting
 - Level 10.0 Hexes
 - Level 8.0 Ice Magic
 + Level 8.8 Evocations


You had 19 spell levels left.
You knew the following spells:

 Your Spells              Type           Power      Damage    Failure   Level
a - Ensorcelled Hibernat  Hex/Ice        98%        N/A       1%          2
b - Tukima's Dance        Hex            52%        N/A       1%          3

Your spell library contained the following spells:

 Spells                   Type           Power      Damage    Failure   Level
 Confusing Touch          Hex            52%        N/A       1%          3
 Dazzling Flash           Conj/Hex       60%        N/A       12%         3
 Inner Flame              Hex/Fire       30%        N/A       12%         3
 Animate Skeleton         Necr           12%        N/A       30%         1
 Beastly Appendage        Tmut           12%        N/A       30%         1
 Foxfire                  Conj/Fire      24%        2x1d5     30%         1
 Pain                     Necr           24%        1d5       30%         1
 Blink                    Tloc           12%        N/A       41%         2
 Static Discharge         Conj/Air       6%         N/A       41%         2
 Wereblood                Tmut           6%         N/A       41%         2
 Conjure Flame            Conj/Fire      6%         6-21      65%         3
 Lesser Beckoning         Tloc           6%         N/A       65%         3
 Spider Form              Tmut/Pois      6%         N/A       65%         3
 Vampiric Draining        Necr           6%         2d6       65%         3
 Silence                  Hex/Air        15%        N/A       71%         5
 Summon Mana Viper        Hex/Summ       30%        N/A       71%         5
 Dispel Undead            Necr           6%         3d8       96%         4
 Flame Wave               Conj/Fire      6%         2d4       96%         4
 Passage of Golubria      Tloc           6%         N/A       96%         4
 Sticky Flame             Conj/Fire      6%         2d3       96%         4
 Agony                    Necr           6%         N/A       100%        5
 Excruciating Wounds      Necr           3%         N/A       100%        5
 Fireball                 Conj/Fire      3%         3d4       100%        5
 Iskenderun's Battlesphe  Conj           6%         2d6       100%        5
 Manifold Assault         Tloc           6%         N/A       100%        5
 Summon Forest            Summ/Tloc      3%         N/A       100%        5
 Conjure Ball Lightning   Conj/Air       3%         3x3d6     100%        6
 Summon Cactus Giant      Summ           3%         N/A       100%        6
 Orb of Destruction       Conj           3%         9d1       100%        7
 Lehudib's Crystal Spear  Conj/Erth      3%         10d2      100%        8


Dungeon Overview and Level Annotations

Branches:
Dungeon (13/15)            Temple (1/1) D:6            Lair (6/6) D:11
  Swamp (1/4) Lair:2       Spider (0/4) Lair:4        Slime (0/5) Lair:5
    Orc (0/2) D:9           IceCv (visited)         Volcano (visited)
 Vaults: D:13-14

Altars:
Ashenzari
Cheibriados
Dithmenos
Elyvilon
Fedhas
Gozag
Hepliaklqana
Kikubaaqudgha
Makhleb
Nemelex Xobeh
Okawaru
Qazlal
Ru
Sif Muna
Trog
Uskayaw
Vehumet
Wu Jian
Xom
Yredelemnul
Zin
The Shining One
Jiyva

Shops:
D:1 [[[   D:6 [

Annotations:
D:2 Natasha
D:13 exclusions: deep elf knight and 1 more exclusion


Innate Abilities, Weirdness & Mutations

You are small and have problems with some larger weapons.
You are completely attuned to the shadows.


Message History

Your shadow closely misses the spriggan druid.
The spriggan druid barely misses you.
You closely miss the spriggan druid.
Your shadow hits the spriggan druid with a short sword.
You hit the spriggan druid. You burn the spriggan druid.
The spriggan druid is moderately wounded.
Your shadow barely misses the spriggan druid.
The spriggan druid closely misses you.
You barely miss the spriggan druid.
The spriggan druid is moderately wounded.
Your shadow closely misses the spriggan druid.
You hit the spriggan druid. You burn the spriggan druid.
The spriggan druid is moderately wounded.
Your shadow hits the spriggan druid with a short sword.
The spriggan druid misses you.
You miss the spriggan druid.
The spriggan druid is moderately wounded.
You hit the spriggan druid. You burn the spriggan druid.
The spriggan druid is heavily wounded.
Your shadow hits the spriggan druid with a short sword.
The spriggan druid hits you with a +0 quarterstaff!
Casting: Ensorcelled Hibernation (safe; 1% risk of failure)
Confirm with . or Enter, or press ? or * to list all spells.
Aiming: Ensorcelled Hibernation (safe; 1% risk of failure)
Press: ? - help, Shift-Dir - straight line, f - spriggan druid
Aim: a spriggan druid, wielding a +0 quarterstaff and wearing a +0 robe (thin mist, heavily wounded, umbra, chance to affect: 11%)
The spriggan druid resists with almost no effort.
The spriggan druid closely misses you.
You hit the spriggan druid but do no damage.
The spriggan druid is heavily wounded.
You miss the spriggan druid.
The spriggan druid is heavily wounded.
The spriggan druid casts a spell at you.
The stone arrow hits you!!
* * * LOW HITPOINT WARNING * * *
You feel much better. The spriggan druid barely misses you.
The spriggan druid hits you but does no damage.
The spriggan druid casts a spell at you.
The stone arrow hits you!!
You die...

.........#..♣♣≈≈≈≈≈≈≈♣♣..........
...........♣♣...≈≈≈≈♣♣...........
.......#....♣♣...♣♣♣♣....##......
..........♣♣♣♣♣...§§♣♣..##.......
..........♣>≈≈♣♣♣♣§§♣♣♣.####.....
.#....<#..♣♣[≈≈♣♣♣§.♣♣...#.#.....
..........♣♣♣§)§♣♣♣..♣♣..........
..........♣♣§§i§§§§§.♣..####.....
..........♣♣§§§§@§≈§≈♣...#####...
...........♣♣§.§§§§§♣♣..##.......
.......P...♣§§.♣♣§§.♣............
..........♣♣..§§§§§♣♣...........#
.......#..#♣♣♣§..♣♣♣..###.......#
#...........♣♣♣♣♣♣♣#..#..#....###
............# #.#P....#...#..P#
.......#....##♣##.##....##.......
P#.............##................


You could see a spriggan druid.

Vanquished Creatures
  Josephine (D:13)
  3 fire dragons
  9 hydras
  Harold (D:7)
  2 boulder beetles
  3 catoblepae
  4 two-headed ogres
  14 death yaks
  A tengu warrior (D:13)
  A hell hog (Volcano)
  A flayed ghost (D:10)
  A spriggan druid (Lair:2)
  A swamp dragon (Lair:6)
  2 deep elf archers (D:13)
  2 lindwurms (Lair:6)
  3 deep elf pyromancers (D:13)
  4 deep elf zephyrmancers (D:13)
  2 ugly things
  3 manticores (D:11)
  A cyclops (D:13)
  A centaur zombie (D:11)
  8 elephants
  3 black mambas
  2 gargoyles
  5 torpor snails (Lair:6)
  5 cane toads
  Maggie (D:7)
  7 rime drakes
  2 efreet (D:13)
  A kobold demonologist (D:12)
  10 komodo dragons
  6 hornets (Lair:6)
  4 trolls
  6 tyrant leeches
  A polar bear (Lair:6)
  2 slime creatures (D:12)
  11 blink frogs
  9 dream sheep
  3 spriggans
  7 wyverns
  12 fire bats
  A redback (Lair:4)
  A vampire (D:12)
  10 wraiths
  A hog (Lair:2)
  41 yaks
  6 basilisks
  3 steam dragons
  Edmund (D:6)
  10 vampire mosquitoes
  2 swamp worms
  2 wargs (D:10)
  5 acid dragons
  2 hell hounds (Volcano)
  13 water moccasins
  2 orc warriors
  3 swamp drakes (Lair:6)
  An ice beast (D:6)
  2 black bears
  2 sky beasts (D:6)
  A necrophage (D:5)
  A centaur (D:6)
  2 ogres
  44 wolves
  3 phantoms
  A kobold brigand (D:9)
  2 gnoll sergeants
  12 bullfrogs
  A wyvern zombie (D:7)
  A wyvern skeleton (D:7)
  7 killer bees
  A water moccasin skeleton (D:5)
  An oklob sapling (D:6)
  8 wights
  A howler monkey (D:4)
  A bullfrog zombie (D:5)
  A jelly (D:4)
  4 orc priests
  2 hounds
  A bullfrog skeleton (D:4)
  A gnoll shaman (D:9)
  Ijyb (D:3)
  A centaur skeleton (D:4)
  4 orc wizards
  9 iguanas
  A killer bee zombie (D:6)
  Robin (D:3)
  9 gnolls
  8 adders
  A shadow imp (D:7)
  3 white imps
  An ufetubus (D:7)
  2 adder skeletons
  A worm (D:5)
  3 dart slugs
  18 orcs
  54 bats
  An endoplasm (D:3)
  5 giant cockroaches
  15 goblins
  4 hobgoblins
  2 jackals (D:4)
  5 quokkas
  7 ball pythons
  A frilled lizard (D:1)
  7 kobolds
  7 rats
540 creatures vanquished.

Vanquished Creatures (collateral kills)
  A wight (D:8)
  An orc priest (D:11)
  A gnoll (D:8)
3 creatures vanquished.

Vanquished Creatures (others)
  5 dancing weapons
  32 fungi
  60 plants
97 creatures vanquished.

Grand Total: 640 creatures vanquished

Notes
Turn   | Place    | Note
-------+----------+-------------------------------------------
     0 | D:1      | HessuHobo the Kobold Enchanter began the quest for the Orb.
     0 | D:1      | Reached XP level 1. HP: 10/10 MP: 3/3
   123 | D:1      | Found Viop's Armour Shoppe.
   262 | D:1      | Reached XP level 2. HP: 16/16 MP: 5/5
   277 | D:1      | Learned a level 2 spell: Ensorcelled Hibernation
   793 | D:1      | Found Horif Gerae's Armour Boutique.
   817 | D:1      | Found Xoyfig's Antique Armour Emporium.
   850 | D:1      | Reached skill level 2 in Short Blades
  1048 | D:2      | Found a faded altar of an unknown god.
  1092 | D:2      | Reached skill level 1 in Fighting
  1296 | D:2      | Reached XP level 3. HP: 20/20 MP: 6/6
  2086 | D:2      | Noticed Natasha
  2926 | D:3      | Reached XP level 4. HP: 15/25 MP: 1/8
  3101 | D:3      | Found an opulent altar of Gozag.
  3332 | D:3      | Noticed Robin
  3355 | D:3      | Killed Robin
  3370 | D:3      | Reached skill level 3 in Short Blades
  3480 | D:3      | Noticed Ijyb
  3483 | D:3      | Killed Ijyb
  3484 | D:3      | Reached XP level 5. HP: 30/30 MP: 6/9
  4434 | D:4      | Reached skill level 4 in Short Blades
  4434 | D:4      | Reached XP level 6. HP: 35/35 MP: 11/11
  4613 | D:4      | Found a sparkling altar of Nemelex Xobeh.
  4936 | D:5      | Entered Level 5 of the Dungeon
  4948 | D:5      | Noticed a water moccasin
  4954 | D:5      | Killed a water moccasin
  4955 | D:5      | Reached skill level 5 in Short Blades
  4955 | D:5      | Reached XP level 7. HP: 40/40 MP: 10/13
  5031 | D:4      | Reached skill level 5 in Stealth
  5681 | D:5      | Reached skill level 6 in Short Blades
  5681 | D:5      | Reached XP level 8. HP: 47/47 MP: 14/14
  5751 | D:5      | Reached skill level 5 in Hexes
  6161 | D:5      | Learned a level 3 spell: Tukima's Dance
  6168 | D:5      | Found a sacrificial altar of Ru.
  6231 | D:6      | Identified the +2 short sword "Nahif" {flame, rF+ rCorr
                  | Str+4 Dex+4}
  6424 | D:6      | Reached skill level 7 in Short Blades
  6764 | D:6      | Reached skill level 8 in Short Blades
  6767 | D:6      | Reached XP level 9. HP: 52/52 MP: 6/15
  6881 | D:6      | Noticed Edmund
  6885 | D:6      | Killed Edmund
  6886 | D:6      | Reached skill level 9 in Short Blades
  7010 | D:6      | Found Marosuin's Armour Shop.
  7015 | D:6      | Bought a +1 pair of boots of stealth for 165 gold pieces
  7317 | D:6      | Found a staircase to the Ecumenical Temple.
  7764 | Temple   | Entered the Ecumenical Temple
  8359 | D:7      | Noticed Maggie
  8362 | D:7      | Killed Maggie
  8474 | D:7      | Noticed Harold
 12126 | D:7      | Found a shadowy altar of Dithmenos.
 12126 | D:7      | Found a burning altar of Makhleb.
 12126 | D:7      | Found an iron altar of Okawaru.
 12131 | D:7      | Became a worshipper of Dithmenos the Shadowed
 12279 | D:7      | Killed Harold
 12280 | D:7      | Reached skill level 5 in Fighting
 12280 | D:7      | Reached skill level 10 in Short Blades
 12280 | D:7      | Reached skill level 1 in Armour
 12280 | D:7      | Reached XP level 10. HP: 31/59 MP: 14/16
 12678 | D:8      | Found a white marble altar of Elyvilon.
 13210 | D:8      | Reached skill level 11 in Short Blades
 14067 | D:9      | Reached skill level 1 in Evocations
 14313 | D:8      | Reached XP level 11. HP: 61/67 MP: 11/17
 14483 | D:9      | Found a hazy altar of Hepliaklqana.
 14958 | D:9      | Found a staircase to the Orcish Mines.
 15020 | D:10     | Entered Level 10 of the Dungeon
 15041 | D:10     | Noticed a two-headed ogre
 15054 | D:9      | Killed a two-headed ogre
 15302 | D:10     | Reached skill level 12 in Short Blades
 15672 | D:10     | Reached skill level 5 in Armour
 15679 | D:10     | Reached skill level 5 in Evocations
 15939 | D:10     | Found a runed translucent door.
 15943 | D:10     | Found a white marble altar of Elyvilon.
 15946 | D:10     | Reached * piety under Dithmenos
 15961 | D:10     | Noticed a flayed ghost
 15963 | D:10     | Found a shimmering altar of Xom.
 16048 | D:10     | Found an ancient bone altar of Kikubaaqudgha.
 16212 | D:10     | Found a basalt altar of Yredelemnul.
 16272 | D:10     | Found a glowing silver altar of Zin.
 16359 | D:10     | Reached ** piety under Dithmenos
 16896 | D:10     | Found a basalt altar of Yredelemnul.
 17094 | D:10     | Killed a flayed ghost
 17095 | D:10     | Reached XP level 12. HP: 73/73 MP: 18/18
 17584 | D:11     | Found a staircase to the Lair.
 18674 | Lair:1   | Entered Level 1 of the Lair of Beasts
 18687 | Lair:1   | Found a dark tunnel.
 18692 | Volcano  | Entered a volcano
 18755 | Volcano  | Noticed a hell hog
 18759 | Volcano  | Killed a hell hog
 18761 | Volcano  | Reached *** piety under Dithmenos
 18811 | Volcano  | Noticed a fire dragon
 18818 | Volcano  | Killed a fire dragon
 19197 | Lair:1   | Reached skill level 10 in Armour
 19263 | Lair:1   | Found a shimmering altar of Xom.
 19357 | Lair:1   | Noticed an eight-headed hydra
 19361 | Lair:1   | Killed an eight-headed hydra
 19472 | Lair:1   | Reached skill level 10 in Stealth
 19783 | Lair:1   | Noticed a four-headed hydra
 19787 | Lair:1   | Killed a four-headed hydra
 19788 | Lair:1   | Reached skill level 5 in Dodging
 20149 | Lair:2   | Reached XP level 13. HP: 74/78 MP: 14/19
 20424 | Lair:2   | Noticed a catoblepas
 20435 | Lair:2   | Noticed a five-headed hydra
 20449 | Lair:3   | Killed a catoblepas
 21014 | Lair:3   | Identified the +1 robe "Vaclia" {-Tele rF+ Str+3 Archmagi}
 21042 | Lair:3   | Reached **** piety under Dithmenos
 21208 | Lair:2   | Noticed a catoblepas
 21452 | Lair:2   | Killed a five-headed hydra
 21522 | Lair:2   | Reached skill level 10 in Hexes
 22275 | Lair:2   | Noticed a seven-headed hydra
 22279 | Lair:2   | Killed a seven-headed hydra
 22709 | Lair:2   | Killed a catoblepas
 22710 | Lair:2   | Reached skill level 10 in Dodging
 22957 | Lair:3   | Reached skill level 1 in Shields
 24372 | Lair:4   | Noticed a catoblepas
 24534 | Lair:4   | Reached XP level 14. HP: 84/84 MP: 10/20
 25401 | Lair:4   | Found a hole to the Spider Nest.
 25861 | Lair:3   | HP: 2/86 [death yak (19)]
 27175 | Lair:4   | Reached skill level 13 in Short Blades
 29417 | Lair:5   | Found a viscous altar of Jiyva.
 29417 | Lair:5   | Found a staircase to the Slime Pits.
 30553 | Lair:6   | Entered Level 6 of the Lair of Beasts
 31244 | Lair:6   | Reached skill level 10 in Fighting
 31384 | Lair:6   | Reached ***** piety under Dithmenos
 31787 | Lair:5   | Reached skill level 14 in Short Blades
 32674 | Lair:6   | Found a runed translucent door.
 32812 | Lair:6   | Reached skill level 1 in Ice Magic
 33313 | Lair:6   | Reached XP level 15. HP: 92/92 MP: 9/21
 34388 | Lair:6   | Identified 2 scrolls of acquirement
 34389 | Lair:6   | Acquired the ring of the Tarantula {rF++ rC+ Str-4 Int+2
                  | Dex-5}
 34393 | Lair:6   | Acquired 981 gold pieces
 34739 | Lair:2   | Reached skill level 15 in Short Blades
 34758 | Lair:2   | Found a staircase to the Swamp.
 34848 | D:12     | Found a white marble altar of Elyvilon.
 34944 | D:12     | Found a frozen archway.
 34950 | IceCv    | Entered an ice cave
 35101 | D:12     | Reached skill level 5 in Ice Magic
 36353 | D:1      | Bought a glowing scarf for 152 gold pieces
 36861 | D:13     | Noticed Josephine
 36878 | D:13     | Killed Josephine
 37638 | D:13     | Reached skill level 16 in Short Blades
 38382 | Swamp:1  | Entered Level 1 of the Swamp
 40173 | Lair:2   | Reached skill level 5 in Spellcasting
 40738 | Lair:2   | HP: 1/92 [spriggan druid/stone arrow (29)]
 40742 | Lair:2   | Killed from afar by a spriggan druid

Illustrated notes

Levels and vault maps discovered:
D:1:      mushboom_english_gardens, layout_loops_corners, serial_shops,
          nicolae_shop_hallway_plus, nicolae_shop_trees, shop,
          chequers_mini_garden, hangedman_abyss_or_decor_lesser_grid,
          minmay_pentomino_v2
D:2:      layout_basic, serial_bayou, serial_bayou_ford_a,
          serial_bayou_lagoon_b, serial_bayou_crossing, serial_bayou_shore_b,
          basic_ecumenical_altar, uniq_natasha
D:3:      layout_rooms, nicolae_gozag_seed_capital, uniq_ijyb, uniq_robin
D:4:      layout_basic, mainiacjoe_overflow_alcove_2, minmay_circle_x
D:5:      layout_cave_pools, mainiacjoe_overflow_alcove_4
D:6:      layout_basic, minmay_temple_entry_oklob, chequers_decorated_corner,
          nicolae_stop_n_shop_2, lemuel_flamethrower_1, uniq_edmund
D:7:      layout_rooms, gammafunk_temple_overflow_claw, serial_curves,
          eino_curves_02, eino_curves_02, eino_curves_03, eino_curves_01,
          eino_curves_01, uniq_harold, uniq_maggie
D:8:      layout_rooms, mainiacjoe_overflow_boulevard, serial_bayou_pond_e
D:9:      layout_loops_cross, kennysheep_mini, orc_0_dummy, serial_glass,
          glass_columns_a, glass_columns_b
D:10:     due_megacathedral, layout_irregular_city, hangedman_decor_points
D:11:     layout_loops_ring, erik_lair_orcish_takeover
D:12:     layout_loops_ring, portal_ice_cave_entry_pillars_2,
          gauntlet_entry_generic, elyvilon_altar_1
D:13:     minmay_elf_outpost, layout_gridville, uniq_rupert, uniq_josephine,
          uniq_snorg
Temple:   eino_narrow_crystal_temple
Lair:1:   layout_hall_layers, basic_altar, enter_volcano_1, beast_lair_carwin_2,
          grunt_megastairs_3
Lair:2:   layout_gridlike, palyth_hydra_swamp_entry
Lair:3:   layout_cave_pods, chequers_serial_rivers_room_b, grunt_megastairs_5
Lair:4:   beast_lair_carwin_large_3, layout_cave_pods, spider_nest_entry_webs,
          cheibrodos_lair_caveside_slide, minmay_hedge_maze, lemuel_fruit_fields
Lair:5:   layout_hall_layers, slime_altar_1, serial_bayou_pond_e
Lair:6:   guppyfry_lair_end_dragon, layout_loops_ring, wormcave,
          grunt_forest_large_clearings, grunt_megastairs_2, lemuel_fruit_tree,
          serial_bayou_shore_b, infiniplex_staircase_pool
Swamp:1:  layout_basic_swamp, evilmike_swamp_ruin_house_1, uniq_kirke,
          uniq_mlioglotl

Skill      XL: |  1  2  3  4  5  6  7  8  9 10 11 12 13 14 15 |
---------------+----------------------------------------------+-----
Short Blades   | 2 3 4 5 6 8 10 11 12 14 16 | 16.0
Fighting       | 1 2 3 4 5 7 8 10 | 10.0
Spellcasting   | 3 4 5 |  5.1
Hexes          | 4 6 7 8 10 | 10.0
Stealth        | 5 6 7 8 10 11 12 | 12.7
Dodging        | 3 5 10 | 10.0
Armour         | 1 3 7 10 | 10.0
Evocations     | 1 5 6 8 |  8.8
Shields        | 2 4 |  4.0
Ice Magic      | 2 8 |  8.0

Action                   |  1- 3 |  4- 6 |  7- 9 | 10-12 | 13-15 || total
-------------------------+-------+-------+-------+-------+-------++-------
Melee: Dagger            |    72 |   144 |   147 |       |   610 ||   973
       Short sword       |       |       |   172 |   508 |   897 ||  1577
Throw: Stone             |       |     5 |     4 |       |     7 ||    16
 Cast: Ensorcelled Hiber |    19 |    13 |    37 |   101 |   433 ||   603
       Tukima's Dance    |       |       |       |    15 |     4 ||    19
Invok: Shadow Step       |       |       |       |       |     3 ||     3
Evoke: Wand              |       |       |     6 |       |    18 ||    24
       Lightning rod     |       |       |       |       |    11 ||    11
       Box of beasts     |       |       |       |       |     1 ||     1
  Use: Scroll            |       |     5 |     2 |     5 |    16 ||    28
       Potion            |       |       |     3 |       |     9 ||    12
 Stab: Sleeping          |    19 |    23 |    36 |    91 |   192 ||   361
       Distracted        |       |       |     1 |       |     1 ||     2
       Held in net/web   |       |       |     1 |       |       ||     1
Armor: Robe              |    15 |    35 |    33 |       |       ||    83
       Swamp dragon scal |       |       |     8 |   162 |   432 ||   602
Dodge: Dodged            |    56 |    73 |   116 |   343 |   852 ||  1440
Block: Other             |       |       |    35 |   119 |   224 ||   378
       Reflection        |       |       |     4 |     4 |     5 ||    13
       Kite shield       |       |       |       |       |   156 ||   156

Table legend: (Time is in decaauts)
 A = Elapsed time spent in this place.
 B = Non-inter-level travel time spent in this place.
 C = Inter-level travel time spent in this place.
 D = Time resting spent in this place.
 E = Time spent auto-exploring this place.
 F = Levels seen in this place.
 G = Mean time per level.
                   A        B        C        D        E       F      G
               +--------+--------+--------+--------+--------+-----+--------+
         Total |  39928 |  38172 |   1756 |  14930 |  14634 |  23 | 1736.0 |
       Dungeon |  21519 |  20369 |   1150 |   7437 |   8575 |  13 | 1655.3 |
        Temple |    289 |    276 |     13 |     99 |    162 |   1 |  289.0 |
          Lair |  17524 |  16934 |    590 |   7280 |   5642 |   6 | 2920.7 |
         Swamp |    121 |    118 |      3 |      0 |     32 |   1 |  121.0 |
      Ice Cave |     10 |     10 |      0 |      0 |      0 |   1 |   10.0 |
       Volcano |    463 |    463 |      0 |    114 |    221 |   1 |  463.0 |
               +--------+--------+--------+--------+--------+-----+--------+

Top non-repeatable levels by time:
     D:6: 4757 daAuts
  Lair:2: 4431 daAuts
  Lair:4: 3372 daAuts
  Lair:3: 3109 daAuts
  Lair:6: 3092 daAuts
  Lair:5: 2348 daAuts
    D:10: 2038 daAuts
    D:12: 1605 daAuts
     D:1: 1561 daAuts
     D:9: 1560 daAuts
     D:7: 1560 daAuts
     D:2: 1480 daAuts
    D:13: 1260 daAuts
     D:3: 1246 daAuts
     D:4: 1199 daAuts
